 Dungeon Sprint DCSS version 0.23.2-1-ga50397a (webtiles) character file.

Game seed: 14493072673626402657

7703 wilfster70 the Severer (level 11, -6/107 HPs)
             Began as a Minotaur Fighter on May 24, 2019.
             Was the Champion of Cheibriados.
             Killed by divine providence
             ... invoked by an orc priest
              (11 damage)
             ... in the Dungeon (Sprint IX: "|||||||||||||||||||||||||||||").
             The game lasted 00:05:09 (1112 turns).

wilfster70 the Severer (Minotaur Fighter)           Turns: 1112, Time: 00:05:10

Health: -6/107     AC: 24    Str: 39    XL:     11   Next: 0%
Magic:  13/15      EV: 20    Int: 23    God:    Cheibriados [******]
Gold:   1267       SH: 17    Dex: 28    Spells: 10/10 levels left

rFire    . . .     SeeInvis .   a - +3 war axe (freeze)
rCold    . . .     Gourm    .   c - +0 shield
rNeg     . . .     Faith    .   y - +0 plate armour
rPois    .         Spirit   .   (helmet restricted)
rElec    .         Reflect  .   x - +0 cloak
rCorr    .         Harm     .   q - +2 pair of gloves
MR       .....     NoTele   +   p - +2 pair of boots
Stlth    ..........             (no amulet)
HPRegen  0.27/turn              r - +3 ring of strength
MPRegen  0.14/turn              s - +3 ring of intelligence

@: very slow
A: retaliatory headbutt, horns 2
a: Bend Time, Temporal Distortion, Slouch, Step From Time, Renounce Religion


You were in the Dungeon.
You worshipped Cheibriados.
Cheibriados was exalted by your worship.
You were not hungry.

You visited 1 branch You collected 1267 gold pieces.

Inventory:

Hand Weapons
 a - a +3 war axe of freezing (weapon)
Armour
 c - a +0 shield (worn)
 p - a +2 pair of boots (worn)
 q - a +2 pair of gloves (worn)
 x - a +0 cloak (worn)
 y - a +0 plate armour (worn)
Jewellery
 r - a +3 ring of strength (left hand)
 s - a +3 ring of intelligence (right hand)
Wands
 o - a wand of acid (10)
Scrolls
 k - 2 scrolls of blinking
 m - 5 scrolls of remove curse
 n - 2 scrolls of amnesia
 u - a scroll of fear
Potions
 b - a potion of berserk rage
 e - 6 potions of curing
 g - 3 potions of heal wounds
 h - 2 potions of haste
 i - 4 potions of magic
 j - a potion of invisibility
 l - 2 potions of mutation
 v - a potion of ambrosia
 w - a potion of flight
Comestibles
 d - 8 chunks of flesh
 f - 12 rations


   Skills:
 + Level 13.2 Fighting
 - Level 16.0 Axes
 + Level 13.3 Armour
 + Level 11.8 Dodging
 + Level 13.3 Shields
 + Level 6.9 Invocations


You had 10 spell levels left.
You didn't know any spells.
Your spell library was empty.

Dungeon Overview and Level Annotations

Branches:
Dungeon (1/1)

Altars:
Cheibriados
Dithmenos
Elyvilon
Fedhas
Gozag
Hepliaklqana
Kikubaaqudgha
Makhleb
Nemelex Xobeh
Okawaru
Qazlal
Ru
Sif Muna
Trog
Uskayaw
Vehumet
Wu Jian
Xom
Yredelemnul
Zin
The Shining One
Beogh
Jiyva
Lugonu

Shops:
D =(


Innate Abilities, Weirdness & Mutations

You reflexively headbutt those who attack you in melee.
You have a pair of horns on your head.


Message History

The soul eater draws from the surrounding life force!
* * * LOW HITPOINT WARNING * * *
You hit the orc high priest. You freeze the orc high priest.
You headbutt the orc high priest, but do no damage.
The orc high priest is severely wounded.
The orc high priest prays to Beogh.
The orc high priest hits you but does no damage.
The orc priest calls upon Beogh to heal the orc high priest.
The orc high priest is healed somewhat.
You slash the orc high priest! You freeze the orc high priest.
You headbutt the orc high priest!
You kill the orc high priest!
Cheibriados appreciates the change of pace.
You have reached level 11!
An orc high priest comes into view. It is wielding a +0 long sword.
The orc high priest shouts!
You block the orc priest's attack.
The orc priest mumbles some strange prayers to Beogh against you.
Beogh smites you!
You die...

▓▓▓▓▓▓▓▓▓▓▓▓▓▓▓▓▓▓▓▓▓▓▓▓
oo4o3oo@))....)))))))[).
▓▓▓▓▓▓▓▓▓▓▓▓▓▓▓▓▓▓▓▓▓▓▓▓▓▓▓▓▓▓▓▓▓
.................................
▓▓▓▓▓▓▓▓▓▓▓▓▓▓▓▓▓▓▓▓▓▓▓▓▓▓▓▓▓▓▓▓▓
[...'........†††.†........†÷.....
▓▓▓▓▓▓▓▓▓▓▓▓▓▓▓▓▓▓▓▓▓▓▓▓▓▓▓▓▓▓▓▓▓
.................................
▓▓▓▓▓▓▓▓▓▓▓▓▓▓▓▓▓▓▓▓▓▓▓▓▓▓▓▓▓▓▓▓▓
[.....))..[..)|..'_______________


You could see a soul eater, 3 orc high priests, a red devil and 2 orc priests.

Vanquished Creatures
  A hydra (D)
  An orc high priest (D)
  3 lindwurms (D)
  An orc sorcerer (D)
  An orc knight (D)
  A manticore (D)
  2 spiny frogs (D)
  A tyrant leech (D)
  A hippogriff (D)
  A yak (D)
  A wyvern (D)
  A basilisk (D)
  A hungry ghost (D)
  3 water moccasins (D)
  A porcupine (D)
  8 orc warriors (D)
  An ogre (D)
  A sky beast (D)
  A wolf (D)
  4 crocodiles (D)
  4 bullfrogs (D)
  A scorpion (D)
  A wight (D)
  7 orc priests (D)
  6 orc wizards (D)
  A gnoll (D)
  An adder (D)
  An adder zombie (D)
  4 worms (D)
  7 orcs (D)
  2 goblins (D)
  A jackal (D)
  A quokka (D)
  A bat (D)
  A jackal skeleton (D)
  2 rats (D)
76 creatures vanquished.

Notes
Turn   | Place    | Note
-------+----------+-------------------------------------------
     0 | D        | wilfster70 the Minotaur Fighter began the quest for the
                  | Orb.
     0 | D        | Reached XP level 1. HP: 19/19 MP: 0/0
     8 | D        | Reached skill level 3 in Axes
     9 | D        | Reached skill level 1 in Dodging
    21 | D        | Noticed an ogre
    21 | D        | Noticed a sky beast
    32 | D        | Killed a sky beast
    32 | D        | Reached skill level 5 in Fighting
    32 | D        | Reached skill level 6 in Axes
    32 | D        | Reached skill level 5 in Armour
    32 | D        | Reached skill level 5 in Shields
    32 | D        | Reached XP level 2. HP: 30/30 MP: 1/1
    32 | D        | Reached XP level 3. HP: 37/37 MP: 2/2
    32 | D        | Reached XP level 4. HP: 44/44 MP: 3/3
    38 | D        | Killed an ogre
    38 | D        | Reached skill level 8 in Axes
    38 | D        | Reached XP level 5. HP: 51/51 MP: 4/4
    80 | D        | Found a roughly hewn altar of Beogh.
    80 | D        | Found a snail-covered altar of Cheibriados.
    80 | D        | Found a shadowy altar of Dithmenos.
    80 | D        | Found a white marble altar of Elyvilon.
    80 | D        | Found a blossoming altar of Fedhas.
    80 | D        | Found an opulent altar of Gozag.
    81 | D        | Found a hazy altar of Hepliaklqana.
    82 | D        | Found a viscous altar of Jiyva.
    83 | D        | Found an ancient bone altar of Kikubaaqudgha.
    84 | D        | Found a corrupted altar of Lugonu.
    86 | D        | Became a worshipper of Cheibriados the Contemplative
    88 | D        | Found a burning altar of Makhleb.
    89 | D        | Found a sparkling altar of Nemelex Xobeh.
    90 | D        | Found an iron altar of Okawaru.
    91 | D        | Found a stormy altar of Qazlal.
    92 | D        | Found a sacrificial altar of Ru.
    93 | D        | Found a deep blue altar of Sif Muna.
    94 | D        | Found a bloodstained altar of Trog.
    95 | D        | Found a hide-covered altar of Uskayaw.
    96 | D        | Found a radiant altar of Vehumet.
    97 | D        | Found an ornate altar of the Wu Jian Council.
    98 | D        | Found a shimmering altar of Xom.
    99 | D        | Found a basalt altar of Yredelemnul.
   100 | D        | Found a glowing silver altar of Zin.
   101 | D        | Found a glowing golden altar of the Shining One.
   167 | D        | Noticed a yak
   177 | D        | Killed a yak
   177 | D        | Reached skill level 9 in Axes
   177 | D        | Reached skill level 5 in Dodging
   177 | D        | Reached XP level 6. HP: 58/61 MP: 5/5
   178 | D        | Reached * piety under Cheibriados
   185 | D        | Reached ** piety under Cheibriados
   240 | D        | Noticed a manticore
   240 | D        | Noticed an orc warrior
   240 | D        | Noticed a wyvern
   240 | D        | Noticed a hungry ghost
   252 | D        | Killed a hungry ghost
   252 | D        | Reached skill level 10 in Axes
   255 | D        | Reached *** piety under Cheibriados
   255 | D        | Reached XP level 7. HP: 67/69 MP: 6/6
   258 | D        | Killed a wyvern
   258 | D        | Reached skill level 11 in Axes
   269 | D        | Killed a manticore
   269 | D        | Reached **** piety under Cheibriados
   269 | D        | Reached skill level 12 in Axes
   269 | D        | Reached XP level 8. HP: 37/78 MP: 7/7
   568 | D        | Noticed a spiny frog
   568 | D        | Noticed a hippogriff
   576 | D        | Reached ***** piety under Cheibriados
   576 | D        | Reached skill level 10 in Armour
   576 | D        | Reached skill level 10 in Shields
   583 | D        | Killed a hippogriff
   583 | D        | Reached skill level 10 in Fighting
   583 | D        | Reached skill level 13 in Axes
   594 | D        | Killed a spiny frog
   594 | D        | Reached XP level 9. HP: 71/86 MP: 8/8
   602 | D        | Reached skill level 14 in Axes
   604 | D        | Reached ****** piety under Cheibriados
   620 | D        | Noticed a spiny frog
   620 | D        | Noticed a six-headed hydra
   625 | D        | Reached skill level 1 in Invocations
   628 | D        | Killed an eight-headed hydra
   631 | D        | Killed a spiny frog
   631 | D        | Reached skill level 15 in Axes
   631 | D        | Reached skill level 10 in Dodging
   746 | D        | Noticed a lindwurm
   746 | D        | Noticed a tyrant leech
   746 | D        | Noticed a lindwurm
   750 | D        | Killed a lindwurm
   750 | D        | Reached XP level 10. HP: 96/97 MP: 10/12
   757 | D        | Noticed a lindwurm
   771 | D        | Killed a lindwurm
   780 | D        | Killed a lindwurm
   780 | D        | Reached skill level 16 in Axes
   780 | D        | Reached skill level 5 in Invocations
  1007 | D        | Noticed an orc knight
  1017 | D        | Killed an orc knight
  1028 | D        | Noticed an orc sorcerer
  1037 | D        | Noticed a smoke demon
  1039 | D        | Killed an orc sorcerer
  1103 | D        | Found Tiruor's Antique Weapon Boutique.
  1103 | D        | Noticed an orc high priest
  1103 | D        | Noticed an orc high priest
  1104 | D        | Noticed an orc high priest
  1106 | D        | Noticed a soul eater
  1108 | D        | Found Nud Dovo's Jewellery Shop.
  1109 | D        | HP: 4/101 [soul eater/drain life[an orc high priest] (18)]
  1111 | D        | Killed an orc high priest
  1111 | D        | Reached XP level 11. HP: 4/107 MP: 13/15
  1112 | D        | Noticed an orc high priest
  1112 | D        | Killed from afar by an orc priest

Skill      XL: |  1  2  3  4  5  6  7  8  9 10 |
---------------+-------------------------------+-----
Axes           | 6 8 9 10 12 13 15 16 | 16.0
Dodging        | 3 4 5 6 7 9 10 11 | 11.8
Fighting       | 5 6 7 8 9 10 11 13 | 13.2
Shields        | 5 6 7 8 9 10 11 13 | 13.3
Armour         | 5 6 7 8 9 10 11 13 | 13.3
Invocations    | 4 6 |  6.9

Action                   |  1- 3 |  4- 6 |  7- 9 | 10-12 || total
-------------------------+-------+-------+-------+-------++-------
Melee: War axe           |    16 |    42 |    70 |    76 ||   204
       Headbutt          |     2 |     4 |    27 |    25 ||    58
  Use: Potion            |     1 |       |     1 |       ||     2
       Scroll            |       |       |     4 |       ||     4
  Eat: Chunk             |       |       |     2 |       ||     2
Armor: Scale mail        |     7 |     3 |     1 |       ||    11
       Chain mail        |       |       |     8 |     7 ||    15
       Plate armour      |       |       |       |     2 ||     2
Dodge: Dodged            |     2 |    15 |    27 |    23 ||    67
Block: Shield            |     9 |    18 |    39 |    49 ||   115
